 Dungeon Crawl Stone Soup version 0.30-a0-627-gc11e7ae810 (webtiles) character file.

Game seed: 13254318783994191627

3612 Bnni the Covert (level 10, -1/53 HPs)
             Began as a Vine Stalker Brigand on Jan 12, 2023.
             Was a Follower of Uskayaw.
             Slain by a killer bee (3 damage)
             ... while paralysed by a hornet
             ... on level 7 of the Dungeon.
             The game lasted 00:12:49 (5996 turns).

Bnni the Covert (Vine Stalker Brigand)              Turns: 5996, Time: 00:12:50

Health: -1/53      AC: 14    Str: 16    XL:     10   Next: 11%
Magic:  0/13       EV:  2    Int: 11    God:    Uskayaw [*.....]
Gold:   460        SH:  0    Dex: 18    Spells: 9/9 levels left

rFire   . . .      SeeInvis .    x - +1 dagger (venom)
rCold   . . .      Faith    .    (no shield)
rNeg    . . .      Spirit   +    A - +0 plate armour
rPois   .          Reflect  .    J - +0 helmet
rElec   .          Harm     .    c - +0 cloak
rCorr   .          Rampage  .    B - +0 pair of gloves
Will    +....                    z - +0 pair of boots Stlth
                                 E - amulet of magic regeneration
HPRegen 1.08/turn                (no ring)
MPRegen 0.53/turn                (no ring)

@: paralysed, lethally poisoned (-1 -> -3), slowed
A: fangs 3, regeneration 1, magic shield, antimagic bite, no potion heal 2
a: Renounce Religion, Stomp


You were on level 7 of the Dungeon.
You worshipped Uskayaw.
Uskayaw was noncommittal.
You visited 2 branches of the dungeon, and saw 9 of its levels.

You collected 496 gold pieces.
You spent 36 gold pieces at shops.

Inventory:

Hand Weapons
 v - a +2 rapier of venom
 x - a +1 dagger of venom (weapon)
Missiles
 d - 11 poisoned darts (quivered)
 e - 4 curare-tipped darts
 H - 2 atropa-tipped darts
 I - 2 datura-tipped darts
Armour
 c - a +0 cloak (worn)
 z - a +0 pair of boots (worn)
 A - a +0 plate armour (worn)
 B - a +0 pair of gloves (worn)
 J - a +0 helmet (worn)
Jewellery
 E - an amulet of magic regeneration (around neck)
Wands
 y - a wand of digging (9)
 D - a wand of flame (3)
 N - a wand of acid (10)
Scrolls
 a - 2 scrolls of silence {unknown}
 f - 3 scrolls of teleportation {unknown}
 g - a scroll of vulnerability {unknown}
 j - a scroll of blinking {unknown}
 k - a scroll of acquirement {unknown}
 n - 3 scrolls of fog {unknown}
 q - 5 scrolls of enchant armour {unknown}
 r - 6 scrolls of identify {unknown}
 s - a scroll of brand weapon {unknown}
 t - a scroll of immolation {unknown}
 w - a scroll of noise {unknown}
 C - a scroll of amnesia {unknown}
 F - a scroll of fear
 M - a scroll of poison {unknown}
Potions
 b - 4 potions of resistance {unknown}
 h - 3 potions of ambrosia {unknown}
 i - 4 potions of lignification {unknown}
 l - 3 potions of curing
 m - 6 potions of flight {unknown}
 o - 2 potions of haste {unknown}
 p - a potion of berserk rage {unknown}
 u - a potion of degeneration {unknown}
 G - 2 potions of attraction {unknown}
 K - 2 potions of heal wounds {unknown}
 L - a potion of brilliance {unknown}
 O - a potion of mutation {unknown}


   Skills:
 + Level 6.4 Fighting
 * Level 9.0 Short Blades
 - Level 1.7 Throwing
 - Level 0.7 Dodging
 + Level 10.4 Stealth
 + Level 3.1 Invocations


You had 9 spell levels left.
You didn't know any spells.
Your spell library contained the following spells:

 Spells                   Type           Power      Damage    Failure   Level
 Magic Dart               Conj           0%         1d3       100%        1
 Summon Small Mammal      Summ           0%         N/A       100%        1
 Blink                    Tloc           0%         N/A       100%        2
 Call Imp                 Summ           0%         N/A       100%        2
 Momentum Strike          Conj/Tloc      0%         3d8       100%        2
 Call Canine Familiar     Summ           0%         N/A       100%        3
 Lesser Beckoning         Tloc           0%         N/A       100%        3
 Mephitic Cloud           Conj/Pois/Air  0%         N/A       100%        3
 Summon Guardian Golem    Hex/Summ       0%         N/A       100%        3


Dungeon Overview and Level Annotations

Branches:
Dungeon (8/15)             Temple (1/1) D:4
   Lair: D:8-11

Altars:
Ashenzari
Cheibriados
Dithmenos
Elyvilon
Fedhas
Gozag
Hepliaklqana
Makhleb
Nemelex Xobeh
Okawaru
Sif Muna
Trog
Uskayaw
Vehumet
Xom
Yredelemnul
Zin
The Shining One

Shops:
D:3 :*


Innate Abilities, Weirdness & Mutations

You have razor-sharp teeth.
Your natural rate of healing is unusually fast.
When hurt, damage is shared between your health and your magic reserves.
Your bite disrupts and absorbs the magic of your enemies.
Potions cannot restore your health.


Message History

The hornet barely misses you.
There is a stone staircase leading up here.
The killer bee barely misses you. The killer bee completely misses you.
The hornet stings you but does no damage.
The killer bee stings you.
You are poisoned.
The killer bee poisons you! The killer bee stings you. The hornet stings you!
You are more poisoned.
You suddenly lose the ability to move!
You stop ascending the stairs.
You can move again.
Unknown command.
You feel yourself speed up.
You feel extremely sick. The killer bee stings you.
You are more poisoned.
The killer bee poisons you! The killer bee completely misses you.
The killer bee stings you but does no damage.
The hornet stings you.
You are more poisoned.
You feel yourself slow down. The killer bee stings you. The hornet stings you.
You are lethally poisoned!
You feel as though you will be slow longer.
You climb upwards.
* * * LOW HITPOINT WARNING * * *
You feel extremely sick.
There is a stone staircase leading down here.
Your system rejects the healing.
You feel better.
The killer bee barely misses you. x2; The hornet stings you!
* * * LOW HITPOINT WARNING * * *
You suddenly lose the ability to move!
The killer bee stings you but does no damage.
The killer bee stings you.
* * * LOW HITPOINT WARNING * * *
You are poisoned.
The killer bee poisons you!
The hornet stings you but does no damage.
The killer bee stings you.
* * * LOW HITPOINT WARNING * * *
The killer bee stings you.
You die...

######### ###
###.......#####################..
..#.......#..#............'y..#..
..#.......#..'..<.........#...#..
..#.......'..#.y.y........#...#..
..#.......#..#..@y........#...#..
..#.......#..#............#...#..
..#.......#..#########..#####'#..
..##....###..##.....##..#........
...#....#............#..#........
...#....#............'..#........
...#..|.#######.....##..#........
##'#..........#.....##..#........
..............#.........#........


You could see a hornet (poisoned) and 2 killer bees.

Vanquished Creatures
  Maggie (D:6)
  Prince Ribbit (D:5)
  Sigmund (D:6)
  A shadow (D:6)
  Eustachio (D:5)
  A water moccasin (D:6)
  An orc warrior (D:7)
  A sky beast (D:7)
  2 black bears
  An ice beast (D:7)
  An ogre (D:6)
  2 centaurs
  A phantom (D:5)
  A kobold brigand (D:7)
  Blork the orc (D:5)
  A bullfrog (D:7)
  A necrophage (D:5)
  A scorpion (D:7)
  9 wights
  3 killer bees
  7 howler monkeys
  2 hounds
  3 jellies
  Crazy Yiuf (D:3)
  Ijyb (D:4)
  Jessica (D:3)
  5 iguanas
  Robin (D:3)
  4 gnolls (D:5)
  8 adders
  A shadow imp (D:7)
  2 adder zombies (D:3)
  The ghost of NoOffense the Sneak, a weakling NaDe (D:3)
  3 dart slugs
  8 orcs
  7 endoplasms
  3 giant cockroaches
  18 goblins
  13 hobgoblins
  14 jackals
  9 kobolds
  4 quokkas
  10 ball pythons
  6 bats
  2 frilled lizards (D:1)
  2 rats
168 creatures vanquished.

Vanquished Creatures (others)
  5 plants (D:2)
5 creatures vanquished.

Grand Total: 173 creatures vanquished

Notes
Turn   | Place    | Note
-------+----------+-------------------------------------------
     0 | D:1      | Bnni the Vine Stalker Brigand began the quest for the Orb.
     0 | D:1      | Reached XP level 1. HP: 11/11 MP: 2/2
   117 | D:1      | Reached skill level 5 in Stealth
   131 | D:1      | Reached XP level 2. HP: 15/15 MP: 3/3
   795 | D:1      | Reached XP level 3. HP: 17/18 MP: 4/4
  1222 | D:2      | Gained mutation: Your natural rate of healing is unusually
                  | fast. [Vine Stalker growth]
  1222 | D:2      | Reached XP level 4. HP: 22/23 MP: 5/5
  1387 | D:2      | Reached skill level 6 in Stealth
  1751 | D:3      | Noticed Robin
  1790 | D:3      | Reached XP level 5. HP: 27/27 MP: 6/6
  1815 | D:3      | Found Gues's General Store.
  1827 | D:3      | Bought a potion of curing for 36 gold pieces
  1845 | D:3      | Found Tatsigihap's Book Boutique.
  1858 | D:3      | Noticed Jessica
  1866 | D:3      | Killed Jessica
  1878 | D:3      | Killed Robin
  1957 | D:3      | Found a runed translucent gate.
  1957 | D:3      | Found a runed translucent gate.
  1957 | D:3      | Found a runed translucent gate.
  1957 | D:3      | Noticed NoOffense's ghost (weakling NaDe)
  1959 | D:3      | Found a basalt altar of Yredelemnul.
  2302 | D:3      | Found a runed translucent door.
  2303 | D:3      | Noticed Crazy Yiuf
  2310 | D:3      | Killed Crazy Yiuf
  2311 | D:3      | Reached XP level 6. HP: 21/32 MP: 3/7
  2411 | D:3      | Killed NoOffense's ghost
  2527 | D:4      | Found a staircase to the Ecumenical Temple.
  2543 | Temple   | Entered the Ecumenical Temple
  2694 | D:4      | Noticed Ijyb
  2711 | D:4      | Killed Ijyb
  2889 | D:4      | Found an iron altar of Okawaru.
  3149 | D:5      | Entered Level 5 of the Dungeon
  3196 | D:5      | Reached skill level 7 in Stealth
  3220 | D:5      | Reached XP level 7. HP: 22/36 MP: 3/8
  3264 | D:5      | Noticed Blork the orc
  3275 | D:5      | Killed Blork the orc
  3276 | D:5      | Reached skill level 5 in Short Blades
  3393 | D:5      | Noticed Eustachio
  3416 | D:5      | Killed Eustachio
  3417 | D:5      | Gained mutation: You have razor-sharp teeth. [Vine Stalker
                  | growth]
  3417 | D:5      | Reached XP level 8. HP: 42/42 MP: 9/9
  3509 | D:5      | Noticed Prince Ribbit
  3518 | D:5      | Killed Prince Ribbit
  3519 | D:5      | Reached skill level 8 in Stealth
  3692 | D:5      | Found a sparkling altar of Nemelex Xobeh.
  3751 | D:5      | Found a hide-covered altar of Uskayaw.
  4272 | D:6      | Found a shadowy altar of Dithmenos.
  4363 | D:6      | Reached skill level 5 in Fighting
  4650 | D:6      | Noticed Maggie
  4682 | D:6      | Killed Maggie
  4683 | D:6      | Reached skill level 9 in Stealth
  4683 | D:6      | Reached XP level 9. HP: 42/47 MP: 8/10
  4836 | D:6      | Noticed Sigmund
  4854 | D:6      | Killed Sigmund
  4858 | D:6      | Found a hazy altar of Hepliaklqana.
  5022 | D:5      | Became a worshipper of Uskayaw the Reveller
  5068 | D:6      | Reached * piety under Uskayaw
  5071 | D:6      | Reached ** piety under Uskayaw
  5075 | D:6      | Reached *** piety under Uskayaw
  5088 | D:7      | Reached **** piety under Uskayaw
  5090 | D:7      | Reached skill level 1 in Invocations
  5154 | D:7      | HP: 1/48 [killer bee (3)]
  5459 | D:7      | Reached skill level 10 in Stealth
  5746 | D:7      | Reached XP level 10. HP: 52/53 MP: 13/13
  5993 | D:8      | Paralysed by a hornet for 1 turns
  5996 | D:7      | Paralysed by a hornet for 1 turns
  5996 | D:7      | HP: 2/53 [killer bee (2)]
  5996 | D:7      | Slain by a killer bee

Illustrated notes

Levels and vault maps discovered:
D:1:      amcnicky_arrival_wind_blow, layout_loops_corners, item_on_display_a
D:2:      layout_rooms, serial_bayou, serial_bayou_ford_a, serial_bayou_shore_a,
          serial_bayou_lagoon_a, serial_bayou_pond_c
D:3:      layout_basic, nicolae_yredelemnul_ghost_church, serial_shops,
          shop_coins, nicolae_shop_temple_entry_statues_fountains, uniq_robin,
          uniq_crazy_yiuf_cottage, uniq_jessica
D:4:      layout_loops_cross, okawaru_trees_1, minmay_temple_entry_junction_2,
          minmay_crossroads, uniq_ijyb
D:5:      layout_basic, nicolae_overflow_hidden_temple,
          mainiacjoe_overflow_tiny_flanked, uniq_eustachio, uniq_prince_ribbit1,
          uniq_blork_the_orc
D:6:      layout_basic, lemuel_coloured_pillars_altar, kennysheep_mini,
          uniq_maggie, uniq_sigmund
D:7:      layout_gridville, chequers_serial_rivers_micro_b
D:8:      layout_rooms
Temple:   hellmonk_temple_two_chambers

Skill      XL: |  1  2  3  4  5  6  7  8  9 10 |
---------------+-------------------------------+-----
Stealth        | 5 6 7 9 10 | 10.4
Short Blades   | 2 3 4 5 7 8 9 |  9.0
Fighting       | 2 3 4 5 6 |  6.4
Invocations    | 2 3 |  3.1
Throwing       | |  1.7
Dodging        | |  0.7

Action                   |  1- 3 |  4- 6 |  7- 9 | 10-12 || total
-------------------------+-------+-------+-------+-------++-------
Melee: Dagger            |    81 |    62 |   211 |    45 ||   399
       Bite              |    16 |    60 |   105 |    12 ||   193
       Punch             |     1 |     2 |     7 |       ||    10
       Rapier            |       |   127 |    70 |       ||   197
Throw: Dart              |       |       |    14 |       ||    14
  Use: Potion            |       |       |     2 |     1 ||     3
       Scroll            |       |       |     1 |       ||     1
 Stab: Sleeping          |     7 |     3 |       |       ||    10
       Invisible         |       |       |     1 |       ||     1
       Paralysed         |       |       |     5 |     1 ||     6
Armor: Robe              |     3 |       |       |       ||     3
       Scale mail        |    35 |    49 |       |       ||    84
       Plate armour      |       |    94 |   165 |    25 ||   284
Dodge: Dodged            |    31 |    63 |    46 |    18 ||   158

Table legend: (Time is in decaauts)
 A = Elapsed time spent in this place.
 B = Non-inter-level travel time spent in this place.
 C = Inter-level travel time spent in this place.
 D = Time resting spent in this place.
 E = Time spent auto-exploring this place.
 F = Levels seen in this place.
 G = Mean time per level.
                   A        B        C        D        E       F      G
               +--------+--------+--------+--------+--------+-----+--------+
         Total |   5923 |   5647 |    276 |    162 |   4160 |   9 |  658.1 |
       Dungeon |   5905 |   5633 |    272 |    162 |   4150 |   8 |  738.1 |
        Temple |     17 |     13 |      4 |      0 |     10 |   1 |   17.0 |
               +--------+--------+--------+--------+--------+-----+--------+

Top non-repeatable levels by time:
     D:5: 1155 daAuts
     D:1: 1128 daAuts
     D:7: 824 daAuts
     D:6: 760 daAuts
     D:3: 743 daAuts
     D:4: 665 daAuts
     D:2: 610 daAuts
  Temple: 17 daAuts
     D:8: 17 daAuts
